 Dungeon Crawl Stone Soup version 0.32-a0-675-gdc239d62e1 (webtiles) character file.

Game seed: 17004155209451377129

20860 jasper the Brawler (level 12, -5/91 HPs)
             Began as an Octopode Fighter on Mar 11, 2024.
             Was a Believer of Ashenzari.
             Slain by a yak (15 damage)
             ... on level 1 of the Lair of Beasts.
             The game lasted 00:18:46 (10127 turns).

jasper the Brawler (Octopode Fighter)              Turns: 10127, Time: 00:18:47

Health: -5/91      AC:  2    Str: 17    XL:     12   Next: 83%
Magic:  21/21      EV: 29    Int:  7    God:    Ashenzari [**....]
Gold:   473        SH:  6    Dex: 16    Spells: 9/11 levels left

rFire   + .          .
                       - Unarmed
rCold   + + .        a - +1 buckler "Yoke of the All-Knowing" {Fort, Sorc} (curse)
rNeg    + + +        m - +1 hat of the Game Afoot {+Blink rN++ Int-4 Dex-4}
rPois   +            q - amulet of the Ruined Stickiness {Regen+, Cun, Self} (curse)
rElec   +            i - ring of Ouranomancy {MP+9, Sorc, Bglg} (curse)
rCorr   +            j - ring of resist corrosion
SInv    +            b - ring "Sorrow of Ashenzari" {Dex+6, Bglg, Elem} (curse)
Will    .....        E - ring of poison resistance
Stlth   ++++         t - ring of Panopticon {rCorr, Bglg, Range} (curse)
HPRegen 1.15/turn    J - ring of Satean {+Blink rC+ EV+5}
MPRegen 0.17/turn    K - ring of Vad Usuji {rElec rF+ rC+ rN+ EV+5}
                     (no ring)

%: no passive effects
@: hasted, very quick
A: almost no armour, amphibious, 8 rings, camouflage 1, gelatinous body 1,
(nimble swimmer 1), tentacles
a: Renounce Religion, Evoke Blink, Curse Item, Shatter the Chains


You were on level 1 of the Lair of Beasts.
You worshipped Ashenzari.
Ashenzari was pleased with you.
You visited 3 branches of the dungeon, and saw 13 of its levels.
You also visited: Sewer and Gauntlet.

You collected 1137 gold pieces.
You spent 664 gold pieces at shops.

Inventory:

Hand Weapons
 g - the +9 flail of the Enchanting Seer {drain, rElec Int+3}
   (You found it on level 4 of the Dungeon)

   Int+3:     It affects your intelligence (+3).
   rElec:     It insulates you from electricity.
Missiles
 d - 32 poisoned darts
 h - 82 stones (quivered)
 v - a boomerang
 G - a curare-tipped dart
 N - 4 silver javelins
Armour
 a - the cursed +1 buckler "Yoke of the All-Knowing" (worn) {Fort, Sorc}

   It has a curse which improves the following skills: Fortitude: Shields.
   Sorcery:   Conjurations and Alchemy.
 m - the +1 hat of the Game Afoot (worn) {+Blink rN++ Int-4 Dex-4}
   (You found it in a Gauntlet)

   Int-4:     It affects your intelligence (-4).
   Dex-4:     It affects your dexterity (-4).
   rN++:      It greatly protects you from negative energy.
   +Blink:    It lets you blink.
Jewellery
 b - the cursed ring "Sorrow of Ashenzari" (on tentacle) {Dex+6, Bglg, Elem}
   (You acquired it on level 2 of the Dungeon)

   [ring of dexterity]

   Dex+6:     It affects your dexterity (+6).
   It has a curse which improves the following skills: Beguiling: Hexes and
   Translocations.
   Elements:  Fire Magic, Ice Magic, Air Magic and Earth Magic.
 i - the cursed ring of Ouranomancy (left tentacle) {MP+9, Sorc, Bglg}
   (You found it on level 2 of the Dungeon)

   [ring of magical power]

   MP+9:      It affects your magic capacity (+9).
   It has a curse which improves the following skills: Sorcery: Conjurations and
   Alchemy.
   Beguiling: Hexes and Translocations.
 j - a ring of resist corrosion (right tentacle)
 l - an amulet of guardian spirit
 q - the cursed amulet of the Ruined Stickiness (around mantle) {Regen+, Cun, Self}
   (You found it on level 8 of the Dungeon)

   [amulet of regeneration]

   Regen+:    It increases your rate of health regeneration.
   It has a curse which improves the following skills: Cunning: Dodging and
   Stealth.
   Introspection: Fighting and Spellcasting.
 t - the cursed ring of Panopticon (on tentacle) {rCorr, Bglg, Range}
   (You found it on level 7 of the Dungeon)

   [ring of resist corrosion]

   rCorr:     It protects you from acid and corrosion.
   It has a curse which improves the following skills: Beguiling: Hexes and
   Translocations.
   Ranged Combat: Ranged Weapons and Throwing.
 x - a +6 ring of intelligence
 E - a ring of poison resistance (on tentacle)
 J - the ring of Satean (on tentacle) {+Blink rC+ EV+5}
   (You found it in a Gauntlet)

   [ring of evasion]

   EV+5:      It affects your evasion (+5).
   rC+:       It protects you from cold.
   +Blink:    It lets you blink.
 K - the ring of Vad Usuji (on tentacle) {rElec rF+ rC+ rN+ EV+5}
   (You found it in a Gauntlet)

   [ring of evasion]

   EV+5:      It affects your evasion (+5).
   rF+:       It protects you from fire.
   rC+:       It protects you from cold.
   rElec:     It insulates you from electricity.
   rN+:       It protects you from negative energy.
 Q - a +6 ring of dexterity
Talismans
 e - a storm talisman
Wands
 f - a wand of digging (4)
 w - a wand of paralysis (6)
 I - a wand of flame (7)
 L - a wand of polymorph (5)
 M - a wand of mindburst (6)
Scrolls
 c - 5 scrolls of poison
 k - a scroll of enchant armour
 r - 6 scrolls of teleportation
 y - a scroll of amnesia
 A - a scroll of brand weapon
 D - a scroll of silence
 H - 2 scrolls of vulnerability
 P - a scroll of butterflies
Potions
 n - 3 potions of ambrosia
 o - 7 potions of curing
 p - 2 potions of enlightenment
 u - a potion of haste
 z - a potion of resistance
 B - 3 potions of brilliance
 C - 2 potions of magic
 F - 3 potions of attraction
 O - a potion of cancellation
Miscellaneous
 s - a box of beasts (inert)


   Skills:
 + Level 10.7(11.8) Fighting
 + Level 10.7(11.8) Dodging
 - Level 5.0(6.1) Stealth
 - Level 3.0(4.0) Shields
 - Level 15.0 Unarmed Combat


You had 9 spell levels left.
You knew the following spells:

 Your Spells              Type           Power      Damage    Failure   Level
a - Blink                 Tloc           0%         N/A       63%         2

Your spell library contained the following spells:

 Spells                   Type           Power      Damage    Failure   Level
 Freeze                   Ice            0%         1d3       50%         1
 Lesser Beckoning         Tloc           0%         N/A       63%         2
 Momentum Strike          Conj/Tloc      0%         3d8       63%         2
 Sublimation of Blood     Necr           0%         N/A       65%         2
 Dazzling Flash           Conj/Hex       0%         N/A       85%         3
 Sigil of Binding         Hex            0%         N/A       85%         3
 Frozen Ramparts          Ice            0%         1d1       86%         3
 Hailstorm                Conj/Ice       0%         3d5       86%         3
 Mephitic Cloud           Conj/Alch/Air  0%         N/A       86%         3
 Volatile Blastmotes      Fire/Tloc      0%         2d10      86%         3
 Call Canine Familiar     Summ           0%         N/A       87%         3
 Dimensional Bullseye     Hex/Tloc       0%         N/A       99%         4
 Leda's Liquefaction      Alch/Erth      0%         N/A       99%         4
 Petrify                  Alch/Erth      0%         N/A       99%         4
 Alistair's Intoxication  Alch           0%         N/A       100%        5
 Curse of Agony           Necr           0%         N/A       100%        5
 Irradiate                Conj/Alch      0%         3d11      100%        5
 Metabolic Englaciation   Hex/Ice        0%         N/A       100%        5
 Silence                  Hex/Air        0%         N/A       100%        5
 Bombard                  Conj/Erth      0%         9d1       100%        6
 Starburst                Conj/Fire      0%         6d3       100%        6
 Maxwell's Capacitive Co  Air            0%         ∞         100%        8


Dungeon Overview and Level Annotations

Branches:
Dungeon (11/15)            Temple (1/1) D:7            Lair (1/5) D:11
    Orc (0/2) D:10          Sewer (visited)         Gauntlet (visited)

Altars:
Ashenzari
Cheibriados
Dithmenos
Elyvilon
Fedhas
Gozag
Hepliaklqana
Kikubaaqudgha
Makhleb
Nemelex Xobeh
Okawaru
Qazlal
Ru
Sif Muna
Trog
Uskayaw
Vehumet
Wu Jian
Xom
Yredelemnul
Zin
The Shining One

Shops:
D:2 [   D:5 [   D:7 !

Annotations:
D:9 2 transporters, runemasterragnar's ghost, novice CoGl


Innate Abilities, Weirdness & Mutations

You cannot wear most types of armour.
You are amphibious.
You can wear up to eight rings at the same time.
Your skin changes colour to match your surroundings (Stealth+).
Your rubbery body absorbs attacks. (AC +1, EV +1)
((You are camouflaged when in or above water. (Stealth+)))
You have tentacles for arms and can constrict up to eight enemies at once.


Message History

The basilisk is severely wounded.
You constrict the basilisk. The basilisk gazes at you.
You are slowing down.
You tentacle-slap the basilisk but do no damage.
You squeeze the basilisk.
You kill the basilisk!
Your limbs are stiffening.
You have turned to stone.
The yak gores you. The yak gores you! x2
The yak gores you but does no damage. The yak gores you! x2
The yak gores you but does no damage. The yak gores you! x2
The yak gores you but does no damage. The yak gores you! The yak gores you.
The yak gores you! The yak gores you but does no damage. The yak gores you.
The yak gores you but does no damage. The yak gores you! The yak gores you! x2
* * * LOW HITPOINT WARNING * * *
The yak gores you.
* * * LOW HITPOINT WARNING * * *
The yak gores you!
* * * LOW HITPOINT WARNING * * *
The yak gores you!
* * * LOW HITPOINT WARNING * * *
The yak gores you!
* * * LOW HITPOINT WARNING * * *
The yak gores you.
* * * LOW HITPOINT WARNING * * *
The yak gores you.
You turn to flesh and can move again.
Unknown command.
You take 81 damage, and have 10/91 hp.
MASSIVE DAMAGE!!
Unknown command.
Unknown command.
Okay, then.
You feel yourself speed up. The yak gores you.
* * * LOW HITPOINT WARNING * * *
The yak completely misses you. x2; The yak gores you!
You die...

##..# #....#......>...
#...##....##.............#.
##..##.....................
#...##....##....#........#.
##..##..........#........+.
#..##.....#....###.##.#.P.
#...#....##...............
#..P#..#.#................
#........@Y............>..
#.......YYY...............
#.........................
#...######+P....... ##..#
.#.$....# #..# . ......#
#..# . ......# ... ..
......#


You could see 4 yaks.

Vanquished Creatures
  A minotaur (Gauntlet)
  A blizzard demon (Gauntlet)
  2 hydras (D:11)
  Erica (D:9)
  A centaur warrior (D:9)
  A catoblepas (D:11)
  3 two-headed ogres
  A boulder beetle (D:9)
  3 ugly things (D:11)
  3 cyclopes (D:11)
  A gargoyle (D:11)
  2 cane toads (Lair:1)
  2 komodo dragons
  A polar bear (Lair:1)
  6 trolls
  2 hornets (D:9)
  5 blink frogs (Lair:1)
  Sigmund (D:2)
  2 centaur simulacra (Gauntlet)
  A shadow (D:10)
  A wyvern (D:11)
  A wraith (D:11)
  2 basilisks
  12 yaks
  5 vampire mosquitoes
  A neqoxec (Gauntlet)
  3 steam dragons
  3 chaos spawn (Gauntlet)
  4 water moccasins
  2 acid dragons
  2 orc warriors
  5 sky beasts
  4 centaurs
  2 kobold brigands
  5 bullfrogs
  A scorpion (D:6)
  A cane toad simulacrum (Gauntlet)
  2 gnoll sergeants (D:9)
  A killer bee (D:11)
  4 howler monkeys
  2 bombardier beetles
  5 hounds
  A gnoll bouda (D:7)
  3 orc priests
  2 jellies
  2 iguanas (D:5)
  A sleepcap (D:6)
  4 orc wizards
  3 adders
  16 gnolls
  2 river rats
  3 shadow imps
  3 white imps
  3 dart slugs
  5 ribbon worms
  24 orcs
  5 bats
  9 endoplasms
  2 giant cockroaches
  5 goblins
  6 hobgoblins
  2 jackals (D:4)
  25 kobolds
  5 quokkas
  6 ball pythons
  5 frilled lizards
  9 rats
  A butterfly (D:7)
260 creatures vanquished.

Notes
Turn   | Place    | Note
-------+----------+-------------------------------------------
     0 | D:1      | jasper the Octopode Fighter began the quest for the Orb.
     0 | D:1      | Reached XP level 1. HP: 16/16 MP: 1/1
    29 | D:1      | Reached skill level 1 in Stealth
   170 | D:1      | Reached XP level 2. HP: 21/21 MP: 2/2
   432 | D:1      | Reached XP level 3. HP: 20/26 MP: 3/3
   822 | D:2      | Noticed Sigmund
   832 | D:2      | Killed Sigmund
   833 | D:2      | Reached skill level 4 in Unarmed Combat
   833 | D:2      | Reached XP level 4. HP: 31/31 MP: 4/4
   833 | D:2      | Reached XP level 5. HP: 36/36 MP: 5/5
   990 | D:2      | Found Vazxoda's Antique Armour Boutique.
  1489 | D:2      | Identified 2 scrolls of acquirement
  1489 | D:2      | Acquired 530 gold pieces
  1491 | D:2      | Acquired a +6 ring of dexterity
  1610 | D:3      | Reached skill level 5 in Unarmed Combat
  1610 | D:3      | Reached XP level 6. HP: 42/42 MP: 6/6
  1929 | D:3      | Found a faded altar of an unknown god.
  2333 | D:4      | Identified the +9 flail of the Enchanting Seer {drain,
                  | rElec Int+3}
  2788 | D:4      | Reached skill level 5 in Stealth
  2855 | D:5      | Entered Level 5 of the Dungeon
  2866 | D:5      | Noticed a water moccasin
  3001 | D:5      | Reached XP level 7. HP: 44/46 MP: 7/7
  3046 | D:5      | Reached skill level 6 in Unarmed Combat
  3123 | D:6      | Identified the +0 spear of the Heavens {holy, Str-2 Int+4
                  | Stlth+}
  3189 | D:6      | Reached XP level 8. HP: 54/54 MP: 8/8
  3205 | D:6      | Found a stormy altar of Qazlal.
  3323 | D:6      | Reached skill level 7 in Unarmed Combat
  3396 | D:6      | Found a glowing drain.
  3405 | Sewer    | Entered a sewer
  3556 | Sewer    | Found a white marble altar of Elyvilon.
  3988 | D:5      | Reached skill level 5 in Fighting
  3988 | D:5      | Reached skill level 5 in Dodging
  4040 | D:5      | Found Baqos's Antique Armour Emporium.
  4214 | D:2      | Bought an embroidered hat for 224 gold pieces
  4302 | D:6      | Reached skill level 8 in Unarmed Combat
  4546 | D:6      | Reached XP level 9. HP: 43/61 MP: 9/9
  4947 | D:7      | Found a staircase to the Ecumenical Temple.
  4955 | Temple   | Entered the Ecumenical Temple
  4955 | Temple   | Noticed a Hell Sentinel
  4956 | Temple   | Noticed Kiuhilol the pandemonium lord
  4956 | Temple   | Noticed Recrer the pandemonium lord
  4959 | Temple   | Noticed Fahuc the pandemonium lord
  4960 | Temple   | Noticed a tormentor
  4972 | Temple   | Became a worshipper of Ashenzari the Shackled
  4985 | Temple   | Noticed a shadow demon
  4986 | Temple   | Noticed a blizzard demon
  4988 | Temple   | Noticed Fuxte Oss the pandemonium lord
  5365 | D:7      | Found Ekiliw's Distillery.
  5373 | D:7      | Bought a potion of haste for 100 gold pieces
  5373 | D:7      | Bought a potion of haste for 100 gold pieces
  5373 | D:7      | Bought a potion of might for 40 gold pieces
  5373 | D:7      | Bought a potion of curing for 30 gold pieces
  5373 | D:7      | Bought a potion of resistance for 100 gold pieces
  5373 | D:7      | Bought a potion of lignification for 30 gold pieces
  5373 | D:7      | Bought a potion of brilliance for 40 gold pieces
  5565 | D:7      | Found a shimmering altar of Xom.
  5809 | D:8      | Reached skill level 9 in Unarmed Combat
  6545 | D:9      | Noticed a troll
  6561 | D:9      | Killed a troll
  6595 | D:10     | Entered Level 10 of the Dungeon
  6598 | D:9      | Reached * piety under Ashenzari
  6663 | D:9      | Noticed Erica
  6676 | D:9      | Killed Erica
  6677 | D:9      | Reached skill level 10 in Unarmed Combat
  6677 | D:9      | Reached XP level 10. HP: 60/69 MP: 10/10
  6831 | D:9      | Found a transporter.
  6834 | D:9      | Identified the +0 helmet "Pazxyide" {rElec Will+ Regen+
                  | Dex+4}
  6835 | D:9      | Noticed runemasterragnar's ghost (novice CoGl)
  6867 | D:9      | Noticed a moth of wrath
  6900 | D:9      | Paralysed by a hornet for 1 turns
  6957 | D:9      | Reached skill level 11 in Unarmed Combat
  7008 | D:9      | Found a glowing golden altar of the Shining One.
  7058 | D:9      | Found a sacrificial altar of Ru.
  7058 | D:9      | Found a faded altar of an unknown god.
  7066 | D:9      | Found a blossoming altar of Fedhas.
  7068 | D:9      | Found an ornate altar of the Wu Jian Council.
  7070 | D:9      | Found a burning altar of Makhleb.
  7203 | D:9      | Found a transporter.
  7290 | D:9      | Identified the +10 falchion of Upriurokk {freeze, ^Fragile
                  | Fly Str+3 SInv}
  7290 | D:9      | Noticed a centaur warrior
  7297 | D:9      | Killed a centaur warrior
  7304 | D:9      | Noticed a boulder beetle
  7313 | D:9      | Killed a boulder beetle
  7458 | D:10     | Reached XP level 11. HP: 59/77 MP: 11/11
  7462 | D:10     | Reached skill level 12 in Unarmed Combat
  7502 | D:10     | Noticed a two-headed ogre
  7515 | D:10     | Killed a two-headed ogre
  7853 | D:10     | Found a staircase to the Orcish Mines.
  8002 | D:10     | Reached ** piety under Ashenzari
  8006 | D:10     | Learned a level 2 spell: Blink
  8375 | D:11     | Noticed a cyan ugly thing
  8377 | D:11     | Found a gate leading to a gauntlet.
  8385 | D:11     | Killed a cyan ugly thing
  8402 | Gauntlet | Entered a Gauntlet
  8402 | Gauntlet | Found a transporter.
  8402 | Gauntlet | Found a transporter.
  8408 | Gauntlet | Noticed a catoblepas
  8461 | Gauntlet | Found a transporter.
  8461 | Gauntlet | Identified the ring of Satean {+Blink rC+ EV+5}
  8479 | Gauntlet | Found a transporter.
  8479 | Gauntlet | Found a transporter.
  8481 | Gauntlet | Found a transporter.
  8481 | Gauntlet | Found a transporter.
  8483 | Gauntlet | Found a transporter.
  8484 | Gauntlet | Noticed a blizzard demon
  8495 | Gauntlet | Found a transporter.
  8508 | Gauntlet | Noticed a blizzard demon
  8510 | Gauntlet | Found a runed translucent door.
  8510 | Gauntlet | Identified the +1 hat of the Game Afoot {+Blink rN++ Int-4
                  | Dex-4}
  8511 | Gauntlet | Found a transporter.
  8511 | Gauntlet | Identified the +8 orcbow of Accidental Termination {freeze,
                  | ^Contam rC- SInv Stlth+}
  8512 | Gauntlet | Found a runed translucent door.
  8518 | Gauntlet | Noticed an orange crystal statue
  8519 | Gauntlet | Found a runed translucent door.
  8520 | Gauntlet | Identified the +8 broad axe of the Lesser Evil {flame, rC+}
  8521 | Gauntlet | Found a transporter.
  8523 | Gauntlet | Found a runed translucent door.
  8526 | Gauntlet | Found a transporter.
  8555 | Gauntlet | Identified the ring of Vad Usuji {rElec rF+ rC+ rN+ EV+5}
  8561 | Gauntlet | Found a transporter.
  8561 | Gauntlet | Identified the +1 scale mail "Gaguogg" {Str+3 Dex+4}
  8573 | Gauntlet | Found a transporter.
  8616 | Gauntlet | Reached skill level 13 in Unarmed Combat
  8924 | Gauntlet | Killed a blizzard demon
  8973 | Gauntlet | Identified the cursed +1 hat of Ashenzari's Malaise {Will+,
                  | Melee, Range} (You bought it in a shop on level 2 of the
                  | Dungeon)
  9001 | Gauntlet | Identified the +3 dagger of Dried Tears {heavy, *Corrode
                  | rElec rPois Int+3}
  9001 | Gauntlet | Identified Veass's Book of Silt and Esoterica
  9003 | Gauntlet | Noticed a minotaur
  9022 | Gauntlet | Killed a minotaur
  9137 | D:11     | Found a staircase to the Lair.
  9276 | D:11     | Noticed a cyclops
  9299 | D:11     | Killed a cyclops
  9300 | D:11     | Reached XP level 12. HP: 36/86 MP: 12/12
  9580 | D:11     | Noticed a two-headed ogre
  9586 | D:11     | Killed a two-headed ogre
  9617 | D:11     | Reached skill level 14 in Unarmed Combat
  9620 | D:11     | Noticed a two-headed ogre
  9634 | D:11     | Killed a two-headed ogre
  9635 | D:11     | Reached skill level 10 in Fighting
  9635 | D:11     | Reached skill level 10 in Dodging
  9666 | D:11     | Noticed a five-headed hydra
  9667 | D:11     | Noticed a catoblepas
  9667 | D:11     | Noticed an eight-headed hydra
  9672 | D:11     | Killed an eight-headed hydra
  9672 | D:11     | Killed a catoblepas
  9672 | D:11     | Killed a five-headed hydra
  9823 | Lair:1   | Entered Level 1 of the Lair of Beasts
 10011 | Lair:1   | Reached skill level 15 in Unarmed Combat
 10127 | Lair:1   | Slain by a yak

Illustrated notes

Levels and vault maps discovered:
D:1:      minmay_arrival_loop, layout_basic, st_stairs_4,
          hangedman_decor_riveting
D:2:      minmay_angry_zag, layout_loops_ring, serial_shops, shop, uniq_sigmund
D:3:      layout_loops_cross, chequers_ecumenical_altar_twisty, moated_statue,
          nicolae_twisty_statue_hallways
D:4:      layout_cave_pools, st_stairs_13
D:5:      layout_rooms, minivault_14, kennysheep_small_square
D:6:      layout_gridville, mainiacjoe_overflow_surrounded_room,
          gup_sewer_entry_bubbles, nicolae_eternal_life
D:7:      layout_basic, lemuel_coloured_pillars_altar,
          minmay_temple_entry_butterflies, serial_shops, shop
D:8:      layout_loops_ring
D:9:      minmay_cornered_nines, layout_basic,
          mainiacjoe_overflow_concentric_impassable,
          chequers_temple_overflow_minitemple,
          gammafunk_ghost_berserking_beasts, uniq_erica
D:10:     layout_loops_ring, orc_0_dummy, amcnicky_mini_pool_small,
          nicolae_kite_square_tiling_tiny
D:11:     minmay_chambers_of_sevens, layout_small_grid, lair_entry_dummy,
          gauntlet_entry_generic
Temple:   nicolae_temple_panitentiary
Lair:1:   minmay_lair_venomous_thicket, layout_regular_city,
          dreamdust_mushroom_princess

Skill      XL: |  1  2  3  4  5  6  7  8  9 10 11 12 |
---------------+-------------------------------------+-----
Stealth        | 2 3 4 5 |  5.0
Unarmed Combat | 4 5 6 8 10 11 13 15 | 15.0
Fighting       | 4 5 6 8 9 10 | 10.7
Dodging        | 4 5 7 8 9 10 | 10.7
Shields        | |  3.0

Action                     |  1- 3 |  4- 6 |  7- 9 | 10-12 || total
---------------------------+-------+-------+-------+-------++-------
  Melee: Unarmed           |    56 |    92 |   198 |   343 ||   689
         Tentacles         |    11 |    20 |    52 |    94 ||   177
         Constrict         |    12 |    26 |    56 |    37 ||   131
         Punch             |       |     3 |    12 |    45 ||    60
  Throw: Stone             |       |       |     2 |     8 ||    10
         Dart              |       |       |       |     2 ||     2
         Javelin           |       |       |       |     2 ||     2
 Invoke: Curse Item        |       |       |     2 |     4 ||     6
         Shatter the Chain |       |       |       |     1 ||     1
  Evoke: Wand              |       |       |       |     2 ||     2
         Box of beasts     |       |       |       |     1 ||     1
    Use: Potion            |     1 |       |       |     9 ||    10
         Scroll            |       |     8 |     7 |     3 ||    18
   Stab: Sleeping          |     8 |    16 |    12 |     6 ||    42
         Distracted        |       |       |       |     1 ||     1
         Invisible         |       |       |       |     1 ||     1
 Armour: Skin              |    13 |    23 |    74 |   147 ||   257
  Dodge: Dodged            |    24 |    31 |    90 |   226 ||   371
  Block: Buckler           |     6 |    22 |    39 |   101 ||   168

Table legend: (Time is in decaauts)
 A = Elapsed time spent in this place.
 B = Non-inter-level travel time spent in this place.
 C = Inter-level travel time spent in this place.
 D = Time resting spent in this place.
 E = Time spent auto-exploring this place.
 F = Levels seen in this place.
 G = Mean time per level.
                   A        B        C        D        E       F      G
               +--------+--------+--------+--------+--------+-----+--------+
         Total |  10021 |   9474 |    547 |    938 |   6318 |  15 |  668.1 |
       Dungeon |   8845 |   8331 |    514 |    612 |   5833 |  11 |  804.1 |
        Temple |     34 |      2 |     32 |      0 |      0 |   1 |   34.0 |
          Lair |    292 |    292 |      0 |      2 |    191 |   1 |  292.0 |
         Sewer |    187 |    187 |      0 |      2 |    113 |   1 |  187.0 |
      Gauntlet |    660 |    660 |      0 |    322 |    181 |   1 |  660.0 |
               +--------+--------+--------+--------+--------+-----+--------+

Top non-repeatable levels by time:
     D:6: 1041 daAuts
     D:9: 954 daAuts
     D:2: 859 daAuts
    D:11: 850 daAuts
     D:7: 786 daAuts
    D:10: 785 daAuts
     D:3: 778 daAuts
     D:8: 746 daAuts
     D:1: 727 daAuts
     D:4: 709 daAuts
Gauntlet: 660 daAuts
     D:5: 606 daAuts
  Lair:1: 292 daAuts
   Sewer: 187 daAuts
  Temple: 34 daAuts
